AoeStats
← Merciless Gladiator Stal

Arena

510613621Analyzed
2v2 RM · 1d ago on Oct 1, 2026· 52m 40s· 4 players
Game mode
Random Map
Map size
Medium (4 player)
Population
200
Speed
Normal
Resources
Standard
Victory
Conquest
Starting age
Dark Age
Ending age
Imperial Age
RankedLock teamsTeams togetherTeam positionsShared explorationLock speedFull tech treeHidden civsTurbo modeCheats
Victory
Defeat
1408
+13
🇧🇪 Khmer · Belgium
1407
+13
🇬🇧 Turks · United Kingdom
1349
-13
🇳🇱 Portuguese · Netherlands
1349
-13
Soulrajh
11:31 Feudal Age
14:11 Castle Age
12:31 Double-Bit Axe
14:14 Light Cavalry
16:04 Husbandry
28:01 Imperial Age
26:10 Bow Saw
25:51 Gold Mining
25:51 Stone Mining
25:42 Horse Collar
27:34 Gold Shaft Mining
28:50 Stone Shaft Mining
28:52 Wheelbarrow
28:02 Loom
28:20 Heavy Plow
30:08 Elite Battle Elephant
32:03 Tusk Swords
32:10 Scale Barding Armor
32:16 Forging
32:32 Bloodlines
33:26 Chain Barding Armor
34:54 Iron Casting
35:44 Conscription
36:17 Plate Barding Armor
40:10 Blast Furnace
40:14 Fletching
40:27 Padded Archer Armor
40:52 Double Crossbow
42:11 Chemistry
43:50 Bodkin Arrow
44:32 Ballistics
43:42 Elite Skirmisher
45:17 Bracer
50:05 Leather Archer Armor
49:23 Elite Ballista Elephant
Merciless Gladiator Stal
10:32 Feudal Age
13:05 Loom
16:00 Castle Age
14:34 Double-Bit Axe
14:42 Horse Collar
21:15 Wheelbarrow
22:40 Bow Saw
26:04 Imperial Age
24:19 Fletching
24:29 Padded Archer Armor
24:36 Gold Mining
24:44 Stone Mining
25:00 Heavy Plow
25:47 Ballistics
25:23 Bodkin Arrow
26:14 Masonry
26:52 Stone Shaft Mining
27:21 Hand Cart
27:31 Bracer
28:48 Chemistry
29:42 Two-Man Saw
29:31 Crop Rotation
29:20 Leather Archer Armor
30:16 Architecture
30:55 Fortified Wall
31:13 Conscription
31:50 Ring Archer Armor
32:21 Thumb Ring
32:11 Elite Skirmisher
32:40 Town Watch
33:03 Elite Genoese Crossbowman
44:06 Hoardings
Tj
11:02 Feudal Age
14:47 Castle Age
13:23 Double-Bit Axe
13:29 Horse Collar
22:37 Heavy Plow
22:57 Bow Saw
23:40 Loom
24:35 Wheelbarrow
23:52 Town Watch
30:08 Imperial Age
27:50 Scale Barding Armor
28:04 Bloodlines
27:55 Husbandry
29:39 Chain Barding Armor
30:11 Gold Mining
30:12 Stone Mining
30:46 Forging
31:31 Conscription
32:21 Plate Barding Armor
32:40 Artillery
34:14 Iron Casting
35:08 Ballistics
36:18 Blast Furnace
36:13 Hand Cart
37:55 Bombard Tower
37:46 Treadmill Crane
38:17 Masonry
Péw
10:17 Feudal Age
11:41 Double-Bit Axe
14:40 Castle Age
12:50 Horse Collar
16:44 Bow Saw
20:41 Wheelbarrow
19:56 Loom
22:00 Hand Cart
22:19 Gold Mining
22:19 Stone Mining
22:24 Town Watch
27:59 Imperial Age
26:21 Fletching
27:03 Scale Mail Armor
27:15 Forging
28:25 Town Patrol
28:21 Pikeman
29:22 Chain Mail Armor
29:46 Halberdier
31:34 Plate Mail Armor
31:34 Conscription
32:16 Chemistry
33:17 Elite Organ Gun
35:11 Iron Casting
36:05 Bodkin Arrow
36:12 Murder Holes
40:05 Arquebus
40:26 Block Printing
45:50 Blast Furnace
Connection lost

Rejoining the realm…

Still unreachable

The connection could not be restored.

Session expired

The server has moved on; the page needs a fresh start.